 Dungeon Crawl Stone Soup version 0.31-a0-188-g5e087ee2ca (webtiles) character file.

Game seed: 1143136732981984266

2031 qw the Skirmisher (level 9, -4/50 HPs)
             Began as a Deep Elf Hunter on June 23, 2023.
             Was a Follower of Okawaru.
             Killed from afar by an acid dragon (19 damage)
             ... with a splash of acid
             ... on level 7 of the Dungeon.
             The game lasted 00:03:31 (5798 turns).

qw the Skirmisher (Deep Elf Hunter)                 Turns: 5798, Time: 00:03:31

Health: -4/50      AC:  7    Str: 12    XL:     9   Next: 3%
Magic:  11/12      EV: 16    Int: 15    God:    Okawaru [*.....]
Gold:   203        SH:  0    Dex: 18    Spells: 8/8 levels left

rFire   . . .        Y - +0 orcbow
rCold   . . .        (shield currently unavailable)
rNeg    + . .        j - +0 ring mail
rPois   .            c - +0 helmet
rElec   .            e - +1 cloak
rCorr   .            n - +0 pair of gloves
SInv    .            (no boots)
Will    +....        f - amulet of regeneration
Stlth   +++          g - ring of positive energy
HPRegen 1.08/turn    q - ring of willpower
MPRegen 0.13/turn

%: no passive effects
@: heroic, corroded
A: no striking features
a: Renounce Religion, Heroism


You were on level 7 of the Dungeon.
You worshipped Okawaru.
Okawaru was aware of your devotion.
You visited 1 branch of the dungeon, and saw 7 of its levels.
You also visited: Sewer.

You collected 325 gold pieces.
You spent 122 gold pieces at shops.


   Skills:
 - Level 3.1(8.1) Fighting
 - Level 14.2(19.2) Ranged Weapons
 + Level 1.5(6.5) Armour
 - Level 5.0(10.0) Dodging
 - Level 1.2(6.2) Stealth
 + Level 1.6 Invocations


You had 8 spell levels left.
You didn't know any spells.
Your spell library was empty.

Inventory:

Hand Weapons
 Y - a +0 orcbow (weapon)
Armour
 c - a +0 helmet (worn)
 e - a +1 cloak (worn)
 j - a +0 ring mail (worn)
 n - a +0 pair of gloves (worn)
Jewellery
 f - an amulet of regeneration (around neck)
 g - a ring of positive energy (left hand)
 q - a ring of willpower (right hand)
Scrolls
 b - 3 scrolls of identify
 m - 4 scrolls of teleportation
Potions
 a - a potion of resistance
 d - 4 potions of haste
 i - a potion of cancellation
 k - a potion of mutation
 l - 4 potions of curing
 p - a potion of magic
 r - a potion of heal wounds

Dungeon Overview and Level Annotations

Branches:
Dungeon (7/15)             Temple (0/1) D:6           Sewer (visited)

Altars:
Ashenzari
Makhleb
Okawaru
Ru
Sif Muna
Trog
Yredelemnul
The Shining One

Shops:
D:2 (   D:3 *


Message History

The electric eel is almost dead.
You shoot an arrow.
The arrow closely misses the electric eel.
The electric eel shoots out a bolt of lightning at you!
The bolt of electricity hits you!
You shoot an arrow. The arrow hits the electric eel!
You kill the electric eel!
Okawaru accepts your kill.
You can now gain great but temporary skills.
An acid dragon comes into view.
You shoot an arrow. The acid dragon roars!
The arrow hits the acid dragon.
The acid dragon is lightly wounded.
You shoot an arrow.
The arrow completely misses the acid dragon.
You start resting.
An acid dragon is nearby!
You shoot an arrow.
The arrow barely misses the acid dragon.
You shoot an arrow.
The arrow barely misses the acid dragon.
You shoot an arrow. The arrow hits the acid dragon!!
The acid dragon is severely wounded.
You start resting.
An acid dragon is nearby!
You shoot an arrow.
The arrow hits the acid dragon but does no damage.
The acid dragon is severely wounded.
The acid dragon spits acid at you. The splash of acid hits you!!
Ouch! That really hurt!
The acid corrodes you!
You shoot an arrow.
The arrow barely misses the acid dragon.
You shoot an arrow. The arrow hits the acid dragon.
The acid dragon is almost dead.
The acid dragon spits acid at you. The splash of acid hits you!!
You die...

..# ~ ..# ### ..
[.. ..# ~.~ #.# #.#
. .. #.# #.#
~.~#.####.# #.#
.....D..).###.###.#
#)).@...)......#
.8....###)##).#####
~.... #.##..# .##.
#.##..###### #
#.##...<...#
#.##..####.#
..##.## ####.# #.
#>#


You could see an acid dragon (catching breath).

Vanquished Creatures
  Sigmund (D:3)
  Menkaure (D:3)
  2 black bears
  A sky beast (D:6)
  An ice beast (D:7)
  A centaur (D:5)
  A phantom (D:4)
  2 kobold brigands (D:7)
  2 scorpions (D:6)
  An electric eel (D:7)
  6 hounds
  A jelly (D:5)
  A sleepcap (D:4)
  2 gnoll boudas
  Jessica (D:3)
  4 iguanas
  Terence (D:3)
  2 orc wizards (D:6)
  A mummy (D:5)
  Robin (D:3)
  8 gnolls
  16 adders
  4 river rats (Sewer)
  A white imp (D:6)
  2 ufetubi
  5 worms
  A dart slug (D:3)
  16 orcs
  5 endoplasms
  4 giant cockroaches
  13 goblins
  5 hobgoblins
  4 jackals (D:2)
  10 kobolds
  3 quokkas
  6 ball pythons
  3 bats
  14 frilled lizards
  A hobgoblin zombie (D:5)
  A kobold zombie (D:5)
  An orc zombie (D:5)
  14 rats
170 creatures vanquished.

Notes
Turn   | Place    | Note
-------+----------+-------------------------------------------
     0 | D:1      | qw the Deep Elf Hunter began the quest for the Orb.
     0 | D:1      | Reached XP level 1. HP: 12/12 MP: 3/3
     0 | D:1      | 0 ||| qw: Version: 0.3-a-9-g12657ce
     0 | D:1      | 0 ||| qw: Game counter: 3671
     0 | D:1      | 0 ||| qw: Always use a shield: true
     0 | D:1      | 0 ||| qw: God list: Okawaru
     0 | D:1      | 0 ||| qw: Allow faded altars: false
     0 | D:1      | 0 ||| qw: Do Orc after D:15 true
     0 | D:1      | 0 ||| qw: Do second Lair branch before Depths: true
     0 | D:1      | 0 ||| qw: Lair rune preference: random
     0 | D:1      | 0 ||| qw: Plans: Normal
     0 | D:1      | 0 ||| PLANNING D:1-11
   482 | D:1      | Reached XP level 2. HP: 16/16 MP: 4/4
   493 | D:1      | Reached skill level 6 in Ranged Weapons
   838 | D:1      | 838 ||| UPGRADING to +0 scale mail.
   848 | D:1      | 848 ||| DROPPING +0 leather armour.
   849 | D:1      | 849 ||| READING scroll labelled EDGHATHR ITONOAG.
   881 | D:1      | 881 ||| READING scroll labelled YZEUGAN FEHESCH.
   886 | D:1      | 886 ||| READING scroll labelled EMEUTZOSOTH.
   887 | D:1      | 887 ||| READING scroll labelled ZOUWECWU MAFIRGH.
   888 | D:1      | 888 ||| READING scroll labelled POISIA UBAM.
   889 | D:1      | 889 ||| DROPPING scroll of butterflies.
   902 | D:2      | 902 ||| STAIRDANCE
   971 | D:2      | 971 ||| STAIRDANCE
   975 | D:2      | 975 ||| STAIRDANCE
   979 | D:2      | 979 ||| STAIRDANCE
   983 | D:2      | 983 ||| STAIRDANCE
   987 | D:2      | 987 ||| STAIRDANCE
   991 | D:2      | 991 ||| STAIRDANCE
   995 | D:2      | 995 ||| STAIRDANCE
   999 | D:2      | 999 ||| STAIRDANCE
  1003 | D:2      | 1003 ||| STAIRDANCE
  1007 | D:2      | 1007 ||| STAIRDANCE
  1011 | D:2      | 1011 ||| STAIRDANCE
  1015 | D:2      | 1015 ||| STAIRDANCE
  1019 | D:2      | 1019 ||| STAIRDANCE
  1023 | D:2      | 1023 ||| STAIRDANCE
  1027 | D:2      | 1027 ||| STAIRDANCE
  1031 | D:2      | 1031 ||| STAIRDANCE
  1035 | D:2      | 1035 ||| STAIRDANCE
  1039 | D:2      | 1039 ||| STAIRDANCE
  1043 | D:2      | 1043 ||| STAIRDANCE
  1453 | D:2      | 1453 ||| Stepping ~*~*~tactically~*~*~ (outnumbered).
  1464 | D:2      | HP: 4/16 [frozen (2)]
  1465 | D:2      | Reached XP level 3. HP: 6/20 MP: 5/5
  1560 | D:2      | Reached skill level 7 in Ranged Weapons
  1710 | D:2      | Reached XP level 4. HP: 25/25 MP: 6/6
  1746 | D:2      | 1746 ||| READING scroll labelled KAEBONE SUODD.
  1747 | D:2      | 1747 ||| READING scroll labelled OHAXUSMOAF.
  1760 | D:2      | 1760 ||| FLEEEEING.
  1761 | D:2      | 1761 ||| FLEEEEING.
  1762 | D:2      | 1762 ||| FLEEEEING.
  1763 | D:2      | 1763 ||| FLEEEEING.
  1766 | D:2      | 1766 ||| FLEEEEING.
  1767 | D:2      | 1767 ||| FLEEEEING.
  1768 | D:2      | 1768 ||| FLEEEEING.
  1769 | D:2      | 1769 ||| FLEEEEING.
  1770 | D:2      | 1770 ||| FLEEEEING.
  1771 | D:2      | 1771 ||| FLEEEEING.
  1772 | D:2      | 1772 ||| FLEEEEING.
  1773 | D:2      | 1773 ||| FLEEEEING.
  1774 | D:2      | 1774 ||| FLEEEEING.
  1775 | D:2      | 1775 ||| FLEEEEING.
  1776 | D:2      | 1776 ||| FLEEEEING.
  1777 | D:2      | 1777 ||| FLEEEEING.
  1778 | D:2      | 1778 ||| FLEEEEING.
  1780 | D:2      | 1780 ||| FLEEEEING.
  1781 | D:2      | 1781 ||| FLEEEEING.
  1782 | D:2      | 1782 ||| FLEEEEING.
  1807 | D:1      | 1807 ||| Stepping randomly (stuck).
  1992 | D:2      | Found Duotteja's Weapon Emporium.
  2042 | D:2      | Reached skill level 8 in Ranged Weapons
  2146 | D:2      | 2146 ||| UPGRADING to +0 cloak.
  2151 | D:2      | 2151 ||| DROPPING amulet of magic regeneration.
  2152 | D:2      | 2152 ||| READING 2 scrolls of identify.
  2152 | D:2      | 2152 ||| IDENTIFYING puce potion
  2196 | D:3      | Noticed Robin
  2212 | D:3      | Killed Robin
  2239 | D:3      | 2239 ||| READING scroll of enchant weapon.
  2239 | D:3      | 2239 ||| ENCHANTING +1 shortbow.
  2267 | D:3      | Noticed Sigmund
  2289 | D:3      | Killed Sigmund
  2290 | D:3      | Reached skill level 9 in Ranged Weapons
  2290 | D:3      | Reached XP level 5. HP: 18/29 MP: 7/7
  2290 | D:3      | Reached XP level 6. HP: 21/34 MP: 8/8
  2354 | D:3      | Found Baisykod's Assorted Antiques.
  2368 | D:3      | 2368 ||| BUYING embroidered robe (81 gold).
  2368 | D:3      | Bought an embroidered robe for 81 gold pieces
  2368 | D:3      | 2368 ||| SHOPLISTING jewelled lead wand (88 gold, have 65).
  2368 | D:3      | 2368 ||| BUYING lumpy emerald potion (19 gold).
  2368 | D:3      | Bought a lumpy emerald potion for 19 gold pieces
  2368 | D:3      | 2368 ||| SHOPLISTING orcbow (77 gold, have 46).
  2368 | D:3      | 2368 ||| SHOPLISTING runed hat (154 gold, have 46).
  2368 | D:3      | 2368 ||| BUYING scroll labelled FOAKUC FING (22 gold).
  2368 | D:3      | Bought a scroll labelled FOAKUC FING for 22 gold pieces
  2368 | D:3      | 2368 ||| SHOPLISTING scroll of teleportation (66 gold, have
                  | 24).
  2368 | D:3      | 2368 ||| SHOPLISTING spiked leather armour (154 gold, have
                  | 24).
  2368 | D:3      | 2368 ||| SHOPLISTING tapered ivory wand (88 gold, have 24).
  2418 | D:3      | 2418 ||| READING scroll of enchant armour.
  2418 | D:3      | 2418 ||| ENCHANTING +0 cloak.
  2441 | D:3      | Found a burning altar of Makhleb.
  2441 | D:3      | Noticed a green death
  2484 | D:3      | Noticed Terence
  2495 | D:3      | Killed Terence
  2496 | D:3      | Reached skill level 1 in Armour
  2666 | D:3      | Noticed Jessica
  2668 | D:3      | Killed Jessica
  2849 | D:3      | 2849 ||| UPGRADING to +0 helmet.
  2854 | D:3      | 2854 ||| DROPPING +2 robe.
  2855 | D:3      | 2855 ||| UPGRADING to +0 ring mail.
  2865 | D:3      | 2865 ||| DROPPING +0 scale mail.
  2866 | D:3      | 2866 ||| UPGRADING to +0 pair of gloves.
  2871 | D:3      | 2871 ||| READING scroll labelled FOAKUC FING.
  2872 | D:3      | 2872 ||| DRINKING 2 blue potions.
  2873 | D:3      | 2873 ||| DRINKING 2 lumpy emerald potions.
  2892 | D:4      | Noticed Menkaure
  2896 | D:4      | 2896 ||| STAIRDANCE
  2961 | D:4      | 2961 ||| STAIRDANCE
  3030 | D:4      | 3030 ||| STAIRDANCE
  3034 | D:3      | HP: 2/35 [Menkaure (12)]
  3035 | D:3      | 3035 ||| READING 2 scrolls of teleportation.
  3036 | D:3      | 3036 ||| DRINKING potion of heal wounds.
  3039 | D:3      | Killed Menkaure
  3040 | D:3      | Reached skill level 10 in Ranged Weapons
  3089 | D:4      | Reached skill level 3 in Dodging
  3089 | D:4      | Reached XP level 7. HP: 35/40 MP: 9/9
  3450 | D:4      | Reached skill level 11 in Ranged Weapons
  3843 | D:4      | 3843 ||| UPGRADING to amulet of regeneration.
  3848 | D:4      | 3848 ||| UPGRADING to ring of positive energy.
  3878 | D:5      | Entered Level 5 of the Dungeon
  3879 | D:5      | 3879 ||| PLANNING SEWER
  3935 | D:5      | 3935 ||| SWAPPING to +0 orcbow.
  3937 | D:5      | 3937 ||| DROPPING +2 shortbow.
  3944 | D:5      | Reached skill level 12 in Ranged Weapons
  4006 | D:5      | Reached skill level 3 in Fighting
  4006 | D:5      | Reached XP level 8. HP: 46/46 MP: 10/10
  4103 | D:5      | Found a shimmering blue altar of Sif Muna.
  4117 | D:5      | Found a broken altar of Ashenzari.
  4299 | D:5      | Found a glowing drain.
  4315 | D:5      | 4315 ||| DROPPING ring of magical power.
  4316 | D:5      | 4316 ||| UPGRADING to ring of willpower.
  4317 | D:5      | 4317 ||| READING 3 scrolls of identify.
  4317 | D:5      | 4317 ||| IDENTIFYING murky golden potion
  4318 | D:5      | 4318 ||| READING 2 scrolls of identify.
  4318 | D:5      | 4318 ||| IDENTIFYING black potion
  4321 | D:5      | 4321 ||| Stepping ~*~*~tactically~*~*~ (water).
  4330 | Sewer    | Entered a sewer
  4353 | Sewer    | 4353 ||| Stepping ~*~*~tactically~*~*~ (water).
  4366 | Sewer    | 4366 ||| Stepping ~*~*~tactically~*~*~ (water).
  4372 | Sewer    | 4372 ||| Stepping ~*~*~tactically~*~*~ (water).
  4486 | Sewer    | 4486 ||| Stepping ~*~*~tactically~*~*~ (water).
  4649 | Sewer    | 4649 ||| READING 2 scrolls of identify.
  4649 | Sewer    | 4649 ||| IDENTIFYING coppery potion
  4684 | D:5      | 4684 ||| PLANNING D:1-11
  4715 | D:5      | Found a glowing golden altar of the Shining One.
  4722 | D:5      | Found an iron altar of Okawaru.
  4723 | D:5      | 4723 ||| PLANNING OKAWARU WORSHIP
  4726 | D:5      | Became a worshipper of Warmaster Okawaru
  4727 | D:5      | 4727 ||| PLANNING D:1-11
  4813 | D:5      | 4813 ||| READING scroll labelled XOYMOCH KONA.
  4881 | D:6      | Found a basalt altar of Yredelemnul.
  4914 | D:6      | 4914 ||| Stepping ~*~*~tactically~*~*~ (outnumbered).
  4916 | D:6      | 4916 ||| Stepping ~*~*~tactically~*~*~ (outnumbered).
  4922 | D:6      | 4922 ||| Stepping ~*~*~tactically~*~*~ (outnumbered).
  4927 | D:6      | Reached skill level 13 in Ranged Weapons
  5172 | D:6      | Found a staircase to the Ecumenical Temple.
  5234 | D:6      | Found a bloodstained altar of Trog.
  5295 | D:6      | Reached * piety under Okawaru
  5296 | D:6      | Reached skill level 14 in Ranged Weapons
  5544 | D:6      | Found a sacrificial altar of Ru.
  5641 | D:6      | 5641 ||| DROPPING amulet of guardian spirit.
  5642 | D:6      | 5642 ||| DROPPING amulet of the acrobat.
  5643 | D:6      | 5643 ||| READING 5 scrolls of identify.
  5643 | D:6      | 5643 ||| IDENTIFYING fizzy cyan potion
  5644 | D:6      | 5644 ||| READING 4 scrolls of identify.
  5644 | D:6      | 5644 ||| IDENTIFYING lumpy yellow potion
  5645 | D:6      | 5645 ||| DROPPING potion of degeneration.
  5720 | D:7      | 5720 ||| Stepping ~*~*~tactically~*~*~ (outnumbered).
  5734 | D:7      | Reached skill level 1 in Invocations
  5740 | D:7      | 5740 ||| Stepping ~*~*~tactically~*~*~ (outnumbered).
  5763 | D:7      | Reached XP level 9. HP: 39/50 MP: 10/12
  5783 | D:7      | 5783 ||| INVOKING Heroism.
  5798 | D:7      | Killed from afar by an acid dragon

Levels and vault maps discovered:
D:1:      spicycebolla_arrival_ecumenical, layout_basic, interstate_on_off
D:2:      cheibrodos_old_hovel, layout_rooms, serial_shops, shop
D:3:      layout_basic, makhleb_altar_promises_db, serial_shops,
          nicolae_shop_getting_attention, uniq_jessica, uniq_robin,
          uniq_sigmund, uniq_terence
D:4:      layout_basic, serial_rivers, chequers_serial_rivers_micro_d,
          chequers_serial_rivers_marsh, chequers_serial_rivers_micro_a,
          chequers_serial_rivers_room_b, chequers_serial_rivers_room_a,
          uniq_menkaure
D:5:      layout_rooms, nicolae_ashenzari_skybound, led_sif_pool,
          amethyst_overflow_temple_binary, cheibrodos_sewer_entry_bend,
          serial_corexii_hall, corexii_hall_statues_s, corexii_hall_statues_t,
          minmay_mini_ossuary
D:6:      layout_loops_ring, trog_three_pillars_becter, hangedman_ru_absence,
          yredelemnul_altar_generic, minmay_temple_entry_sparse_star
D:7:      layout_loops_ring, kennysheep_crisscross, minmay_crystal_water

Skill      XL: |  1  2  3  4  5  6  7  8 |
---------------+-------------------------+-----
Ranged Weapons | 6 7 9 10 12 14 | 14.2
Armour         | 1 |  1.5
Fighting       | 2 3 |  3.1
Dodging        | 3 5 |  5.0
Invocations    | 1 |  1.6
Stealth        | |  1.2

Action                     |  1- 3 |  4- 6 |  7- 9 || total
---------------------------+-------+-------+-------++-------
   Fire: Shortbow          |    98 |   142 |   116 ||   356
         Orcbow            |       |       |   232 ||   232
 Invoke: Heroism           |       |       |     1 ||     1
    Use: Scroll            |     5 |     7 |     6 ||    18
         Potion            |       |     3 |       ||     3
 Armour: Leather armour    |     3 |       |       ||     3
         Scale mail        |    39 |    22 |       ||    61
         Ring mail         |       |     6 |    32 ||    38
  Dodge: Dodged            |    41 |    43 |    61 ||   145

Table legend:
 A = Non-vault XP
 B = Vault XP
 C = Vault XP percentage of total XP
 D = Non-vault monster count
 E = Vault monster count
 F = Vault count percentage of total count
                 A         B        C        D         E       F
            +---------+---------+-------+---------+---------+-------
      Total |    2257 |     645 |  22.2 |     122 |      48 |  28.2
            +---------+---------+-------+---------+---------+-------
        D:1 |      21 |       0 |   0.0 |      14 |       0 |   0.0
        D:2 |     136 |       2 |   1.4 |      29 |       1 |   3.3
        D:3 |      21 |     503 |  96.0 |       8 |      15 |  65.2
        D:4 |     368 |       0 |   0.0 |      26 |       0 |   0.0
        D:5 |     510 |      26 |   4.9 |      14 |       5 |  26.3
        D:6 |     815 |       0 |   0.0 |      21 |       0 |   0.0
        D:7 |     386 |       0 |   0.0 |      10 |       0 |   0.0
      Sewer |       0 |     114 | 100.0 |       0 |      27 | 100.0
            +---------+---------+-------+---------+---------+-------
